 Dungeon Crawl Stone Soup version 0.18.1-48-g4cf74bf (webtiles) character file.

269 Heedrag the Magician (level 6, -1/32 HPs)
             Began as a Deep Elf Conjurer on July 24, 2016.
             Slain by an orc warrior
             ... wielding a +0 trident
              (22 damage)
             ... on level 6 of the Dungeon.
             The game lasted 00:08:10 (2075 turns).

Heedrag the Magician (Deep Elf Conjurer)            Turns: 2075, Time: 00:08:11

Health: -1/32      AC:  2    Str:  7    XL:     6   Next: 1%
Magic:  3/18       EV: 13    Int: 20    God:
Gold:   48         SH:  0    Dex: 15    Spells: 3 memorised, 12 levels left

rFire  . . .     SeeInvis .     m - +2 dagger (venom)
rCold  . . .     Gourm    .     a - +0 robe
rNeg   . . .     Faith    .     (no shield)
rPois  .         Spirit   .     (no helmet)
rElec  .         Dismiss  .     (no cloak)
rCorr  .         Reflect  .     (no gloves)
SustAt .         Harm     .     (no boots)
MR     .....                    k - amulet of regeneration
Stlth  ++........               (no ring)
                                (no ring)

@: not resistant to hostile enchantments, unstealthy
A: no striking features
a: no special abilities


You were on level 6 of the Dungeon.
You were not hungry.

You visited 1 branch of the dungeon, and saw 6 of its levels.

You collected 48 gold pieces.

Inventory:

Hand Weapons
 d - a +0 dagger
 m - a +2 dagger of venom (weapon)
 t - a +1 short sword of venom
Armour
 a - a +0 robe (worn)
 w - a +0 shield
Jewellery
 k - an amulet of regeneration (around neck)
Scrolls
 e - a scroll of enchant weapon {unknown}
 f - 4 scrolls of identify {unknown}
 h - a scroll of enchant armour {unknown}
 i - a scroll of teleportation {unknown}
 l - a scroll of remove curse {unknown}
 o - a scroll of noise {unknown}
 p - a scroll of immolation {unknown}
 q - a scroll of magic mapping {unknown}
 r - 2 scrolls of fog {unknown}
 s - a scroll of blinking {unknown}
Potions
 g - a potion of heal wounds {unknown}
 j - 2 potions of flight {unknown}
 n - a potion of agility {unknown}
 z - a potion of mutation {unknown}
 B - a potion of curing {unknown}
Books
 b - a book of Conjurations

   Spells                             Type                      Level
   a - Magic Dart                     Conjuration                  1
   b - Searing Ray                    Conjuration                  2
   c - Dazzling Spray                 Conjuration/Hexes            3
   d - Fulminant Prism                Conjuration/Hexes            4
   e - Iskenderun's Mystic Blast      Conjuration                  4
   f - Iskenderun's Battlesphere      Conjuration/Charms           5
 v - a book of Maledictions

   Spells                             Type                      Level
   a - Corona                         Hexes                        1
   b - Ensorcelled Hibernation        Hexes/Ice                    2
   c - Confuse                        Hexes                        3
   d - Tukima's Dance                 Hexes                        3
   e - Dazzling Spray                 Conjuration/Hexes            3
Comestibles
 c - 2 bread rations
 u - a meat ration
 x - 2 chunks of flesh
 A - a slice of pizza


   Skills:
 - Level 2.4 Dodging
 + Level 3.4 Stealth
 * Level 7.8 Spellcasting
 + Level 4.7 Conjurations


You had 12 spell levels left.
You knew the following spells:

 Your Spells              Type           Power        Failure   Level  Hunger
a - Magic Dart            Conj           ####         1%          1    None
b - Dazzling Spray        Conj/Hex       ###...       12%         3    None
c - Iskenderun's Mystic   Conj           ####....     14%         4    ###....


Dungeon Overview and Level Annotations

Branches:
Dungeon (7/15)
 Temple: D:4-7

Altars:
Sif Muna

Annotations:
D:2 Sigmund
D:3 Inkary's ghost, amateur MiFi
D:4 Edmund


Message History

Ye climb downwards.
A necrophage comes inta view.
Thar be a stone staircase leadin' up 'ere.
Ye climb upwards.
Tha orc warrior closely misses ye.
Tha orc warrior hits ye wit' a trident.
Thar be a stone staircase leadin' down 'ere.
Castin': Dazzlin' Spray Confirm wit' . or Enter, or press ? or * ta list all spells.
Ye dinnae haf enough magic ta cast tha spell.
Unknown command.
Castin': Dazzlin' Spray Confirm wit' . or Enter, or press ? or * ta list all spells.
Ye dinnae haf enough magic ta cast tha spell.
Unknown command.
Tha orc warrior hits ye wit' a trident!
Tha orc warrior barely misses ye.
Unknown command.
Tha orc warrior hits ye wit' a trident!!
Ouch! Tha re'lly hurt!
Ye die...

... ##.########## ...
............## ...
............#####.. #[#
##..#######......... #)#
##...# #......#####
#.###....# #.#.รท...#
#)##.....#####.#.........
#....>......o@.##....####
####.....########.#.##
##.............#.#
##.############..
#.....^.# ### #########


You could see an orc warrior.

Vanquished Creatures
  A scorpion (D:4)
  A hound (D:4)
  An orc priest (D:6)
  2 worker ants (D:4)
  Robin (D:4)
  2 adders
  2 dart slugs (D:1)
  3 giant geckos
  8 orcs
  4 giant cockroaches
  12 goblins
  6 hobgoblins
  A quokka (D:6)
  A ball python (D:1)
  5 bats
  A giant newt (D:1)
  12 kobolds
  2 quokka skeletons
  4 rats
69 creatures vanquished.

Notes
Turn   | Place    | Note
--------------------------------------------------------------
     0 | D:1      | Heedrag the Deep Elf Conjurer began the quest for the Orb.
     0 | D:1      | Reached XP level 1. HP: 10/10 MP: 6/6
   172 | D:1      | Reached skill level 4 in Spellcasting
   172 | D:1      | Reached XP level 2. HP: 15/15 MP: 3/9
   734 | D:1      | Reached XP level 3. HP: 19/19 MP: 8/11
   739 | D:1      | Learned a level 3 spell: Dazzling Spray
   870 | D:1      | Reached skill level 5 in Spellcasting
  1087 | D:2      | Noticed Sigmund
  1487 | D:3      | Noticed Inkary's ghost (amateur MiFi)
  1581 | D:4      | Reached XP level 4. HP: 17/24 MP: 11/13
  1612 | D:4      | Learned a level 4 spell: Iskenderun's Mystic Blast
  1660 | D:4      | Reached skill level 6 in Spellcasting
  1697 | D:4      | Reached skill level 7 in Spellcasting
  1697 | D:4      | Reached XP level 5. HP: 20/28 MP: 1/16
  1728 | D:4      | Noticed Edmund
  1742 | D:4      | Noticed Robin
  1748 | D:4      | Found a deep blue altar of Sif Muna.
  1888 | D:4      | Killed Robin
  1907 | D:4      | You fall through a shaft for 2 floors!
  2052 | D:6      | Reached XP level 6. HP: 32/32 MP: 5/18
  2054 | D:6      | Noticed an orc warrior
  2075 | D:6      | Slain by an orc warrior

Skill      XL: |  1  2  3  4  5 |
---------------+----------------+-----
Spellcasting   | 4 5 7 |  7.8
Stealth        | 3 |  3.4
Dodging        | |  2.4
Conjurations   | |  4.7

Action                   |  1- 3 |  4- 6 || total
-------------------------+-------+-------++-------
Melee: Dagger            |       |    10 ||    10
 Cast: Magic Dart        |    90 |    62 ||   152
       Dazzling Spray    |       |     3 ||     3
  Eat: Chunk             |     1 |     2 ||     3
Armor: Robe              |     1 |     3 ||     4
Dodge: Dodged            |     8 |    21 ||    29
